[ PARTIDA AOE2 · #476211966 ]
UnrankedBritanos vs Cumans
[ ANÁLISIS DE REPETICIÓN · EXTRAÍDO DE LA PARTIDA GRABADA ]
Feudal
20:12
Castillos
24:56
Imperial
51:35
| APM promedio | 18.3 |
| APM pico | 51 |
| eAPM promedio | 10.2 |
| Aldeanos / militares | 313 / 90 |
Foco
⚔️ 23.4% · 🌾 76.6%
Archer ×65 · Longbowman ×15 · Mangonel ×5 · Battering Ram ×5
Feudal
16:42
Castillos
23:57
Imperial
43:51
| APM promedio | 29.3 |
| APM pico | 75 |
| eAPM promedio | 17.6 |
| Aldeanos / militares | 206 / 112 |
Foco
⚔️ 24.6% · 🌾 75.4%
Mangudai ×83 · Steppe Lancer ×19 · Mangonel ×3 · Trebuchet (Packed) ×3 · Monk ×2 · Petard ×2
Feudal
16:49
Castillos
30:53
Imperial
—
| APM promedio | 8.9 |
| APM pico | 32 |
| eAPM promedio | 7.3 |
| Aldeanos / militares | 93 / 117 |
Foco
⚔️ 37.5% · 🌾 62.5%
Spearman ×46 · Skirmisher ×29 · Cavalry Archer ×20 · Kipchak ×12 · Trade Cart ×7 · Scorpion ×5
Feudal
—
Castillos
—
Imperial
—
| APM promedio | 0.6 |
| APM pico | 35 |
| eAPM promedio | 0.1 |
| Aldeanos / militares | 0 / 0 |
Foco
⚔️ 0.0% · 🌾 100.0%
Feudal
19:52
Castillos
28:43
Imperial
—
| APM promedio | 20.5 |
| APM pico | 67 |
| eAPM promedio | 11.8 |
| Aldeanos / militares | 91 / 28 |
Foco
⚔️ 21.4% · 🌾 78.6%
Skirmisher ×16 · Conquistador ×7 · Spearman ×5
Feudal
12:23
Castillos
16:08
Imperial
32:53
| APM promedio | 27.6 |
| APM pico | 50 |
| eAPM promedio | 14.0 |
| Aldeanos / militares | 186 / 183 |
Foco
⚔️ 30.0% · 🌾 70.0%
Archer ×99 · Knight ×59 · Trebuchet (Packed) ×14 · Mangonel ×8 · Scorpion ×2 · Monk ×1
Feudal
18:24
Castillos
24:32
Imperial
38:04
| APM promedio | 21.1 |
| APM pico | 50 |
| eAPM promedio | 15.7 |
| Aldeanos / militares | 103 / 145 |
Foco
⚔️ 33.3% · 🌾 66.7%
Karambit Warrior ×144 · Battering Ram ×1
Feudal
19:07
Castillos
24:25
Imperial
44:03
| APM promedio | 19.5 |
| APM pico | 88 |
| eAPM promedio | 12.2 |
| Aldeanos / militares | 112 / 109 |
Foco
⚔️ 31.3% · 🌾 68.7%
Skirmisher ×57 · Knight ×29 · Battering Ram ×8 · Militia ×7 · Mangonel ×3 · Trebuchet (Packed) ×3
Mapa de la partida
Recursos iniciales + cada clic de construcción. Líneas = muros · curvas = relieve. ◆ oro · ⬟ piedra · ● bayas · ✦ reliquia · ◌ hueco del cierre
Tu base· Abierta — el rival se encerró
Base de Walolo· Abierta — el rival se encerró
Base de MAC01· ✓ Cerrada en 30:53 · 33t muro · 2 puerta(s)
Base de 中年不油妮· Abierta — el rival se encerró
Base de KKony· ✓ Cerrada en 28:43 · 127t muro · 1 puerta(s)
Base de Bubbles879· Abierta — el rival se encerró
Base de ΔXX▼✞♪przyszłość✞Ⅶ· ✓ Cerrada en 24:32 · 11t muro · sin puerta
Base de Defenestrator· ✓ Cerrada en 24:25 · 44t muro · 1 puerta(s)
Terreno inicial suavizado · ◌ = hueco del cierre detectado · pasá el cursor para detalles
Inputs por minuto
— jason916802 - - Walolo
Build order — jason916802
Primeras 150 de 299 acciones detectadas
| 0:06 | Investigar | Loom |
| 0:07 | Crear | Villager (Male) ×4 |
| 0:07 | Crear | Villager (Male) ×4 |
| 0:14 | Construir | House |
| 0:15 | Construir | House |
| 0:17 | Construir | House |
| 2:09 | Construir | Palisade Wall |
| 5:19 | Crear | Villager (Male) ×3 |
| 5:19 | Crear | Villager (Male) ×3 |
| 6:29 | Crear | Villager (Male) ×2 |
| 6:30 | Crear | Villager (Male) ×2 |
| 6:30 | Crear | Villager (Male) ×2 |
| 6:45 | Construir | House |
| 7:04 | Construir | House |
| 7:14 | Crear | Villager (Male) ×2 |
| 7:14 | Crear | Villager (Male) ×2 |
| 8:01 | Crear | Villager (Male) ×2 |
| 8:01 | Crear | Villager (Male) ×2 |
| 8:37 | Crear | Villager (Male) ×2 |
| 8:37 | Crear | Villager (Male) ×2 |
| 10:07 | Crear | Villager (Male) ×5 |
| 10:07 | Crear | Villager (Male) ×5 |
| 11:17 | Crear | Villager (Male) ×3 |
| 11:17 | Crear | Villager (Male) ×3 |
| 11:35 | Construir | Palisade Wall |
| 12:02 | Construir | Palisade Gate |
| 12:21 | Construir | Lumber Camp |
| 12:41 | Construir | Mill |
| 16:22 | Crear | Villager (Male) ×5 |
| 16:22 | Crear | Villager (Male) ×5 |
| 16:22 | Crear | Villager (Male) |
| 16:40 | Construir | Farm |
| 16:41 | Construir | Farm |
| 16:41 | Construir | Farm |
| 16:42 | Construir | Farm |
| 16:42 | Construir | Farm |
| 16:43 | Construir | Farm |
| 16:43 | Construir | Farm |
| 17:23 | Construir | Mining Camp |
| 17:58 | Investigar | Feudal Age |
| 18:39 | Construir | Farm |
| 18:40 | Construir | Farm |
| 18:40 | Construir | Farm |
| 18:41 | Construir | Farm |
| 18:41 | Construir | Farm |
| 18:42 | Construir | Farm |
| 19:32 | Crear | Villager (Male) |
| 19:32 | Crear | Villager (Male) |
| 19:32 | Crear | Villager (Male) |
| 20:12 | Edad | Edad Feudal |
| 20:16 | Construir | Market |
| 20:25 | Construir | Blacksmith |
| 20:37 | Construir | Stone Wall |
| 20:51 | Construir | Mining Camp |
| 21:21 | Construir | Gate |
| 21:56 | Construir | Lumber Camp |
| 22:17 | Investigar | Castle Age |
| 22:45 | Investigar | Horse Collar |
| 23:10 | Investigar | Double-Bit Axe |
| 23:10 | Investigar | Double-Bit Axe |
| 23:26 | Construir | Stone Wall |
| 23:30 | Construir | Stone Wall |
| 24:02 | Investigar | Gold Mining |
| 24:08 | Investigar | Stone Mining |
| 24:56 | Edad | Edad de los Castillos |
| 25:08 | Construir | Town Center |
| 25:15 | Crear | Villager (Male) ×5 |
| 25:15 | Crear | Villager (Male) ×5 |
| 25:15 | Crear | Villager (Male) ×5 |
| 25:22 | Investigar | Wheelbarrow |
| 25:24 | Crear | Villager (Male) ×2 |
| 25:24 | Crear | Villager (Male) ×2 |
| 25:32 | Construir | House |
| 25:33 | Construir | House |
| 25:34 | Construir | House |
| 25:35 | Construir | House |
| 25:37 | Construir | House |
| 25:39 | Construir | House |
| 25:40 | Construir | House |
| 25:41 | Construir | House |
| 25:44 | Construir | House |
| 25:45 | Construir | House |
| 25:46 | Construir | House |
| 25:47 | Construir | House |
| 26:16 | Construir | Town Center |
| 26:27 | Investigar | Heavy Plow |
| 26:37 | Investigar | Bow Saw |
| 26:45 | Crear | Villager (Male) |
| 28:23 | Crear | Villager (Male) ×5 |
| 28:24 | Crear | Villager (Male) ×5 |
| 28:24 | Crear | Villager (Male) |
| 29:29 | Crear | Villager (Male) ×3 |
| 29:29 | Crear | Villager (Male) ×3 |
| 29:29 | Crear | Villager (Male) ×3 |
| 30:14 | Crear | Villager (Male) ×2 |
| 30:14 | Crear | Villager (Male) ×2 |
| 30:55 | Crear | Villager (Male) ×3 |
| 30:55 | Crear | Villager (Male) ×3 |
| 31:35 | Construir | Stone Wall |
| 32:30 | Construir | Gate |
| 33:14 | Crear | Villager (Male) ×5 |
| 33:14 | Crear | Villager (Male) ×5 |
| 33:43 | Construir | Town Center |
| 33:50 | Crear | Villager (Male) ×2 |
| 33:50 | Crear | Villager (Male) ×2 |
| 33:50 | Crear | Villager (Male) ×2 |
| 34:23 | Crear | Villager (Male) |
| 34:23 | Crear | Villager (Male) |
| 34:44 | Construir | Stone Wall |
| 34:46 | Construir | Stone Wall |
| 35:13 | Construir | Mining Camp |
| 35:16 | Crear | Villager (Male) ×2 |
| 35:17 | Crear | Villager (Male) ×2 |
| 35:59 | Crear | Villager (Male) ×2 |
| 36:00 | Crear | Villager (Male) ×2 |
| 36:13 | Construir | Farm |
| 36:14 | Construir | Farm |
| 36:49 | Construir | House |
| 36:51 | Construir | House |
| 36:52 | Construir | House |
| 36:54 | Construir | House |
| 37:04 | Construir | Farm |
| 37:05 | Construir | Farm |
| 37:08 | Crear | Villager (Male) ×3 |
| 37:09 | Crear | Villager (Male) ×3 |
| 37:09 | Crear | Villager (Male) |
| 37:39 | Construir | Town Center |
| 37:46 | Crear | Villager (Male) |
| 37:46 | Crear | Villager (Male) |
| 38:15 | Construir | Lumber Camp |
| 38:36 | Construir | Stone Wall |
| 38:39 | Construir | Stone Wall |
| 38:50 | Crear | Villager (Male) ×5 |
| 38:50 | Crear | Villager (Male) ×5 |
| 38:50 | Crear | Villager (Male) ×5 |
| 39:31 | Construir | Farm |
| 39:31 | Construir | Farm |
| 39:32 | Construir | Farm |
| 39:32 | Construir | Farm |
| 39:32 | Construir | Farm |
| 39:33 | Construir | Farm |
| 39:37 | Crear | Villager (Male) ×3 |
| 39:38 | Crear | Villager (Male) ×3 |
| 39:57 | Crear | Villager (Male) ×2 |
| 39:58 | Crear | Villager (Male) ×2 |
| 40:19 | Construir | Gate |
| 40:31 | Crear | Villager (Male) ×3 |
| 40:31 | Crear | Villager (Male) ×3 |
| 40:44 | Construir | Town Center |
| 40:57 | Crear | Villager (Male) ×3 |
Build order — Walolo
Primeras 150 de 328 acciones detectadas
| 0:00 | Investigar | Loom |
| 0:01 | Crear | Villager (Male) |
| 0:01 | Crear | Villager (Male) |
| 0:01 | Crear | Villager (Male) |
| 0:02 | Crear | Villager (Male) |
| 0:03 | Construir | House |
| 0:04 | Construir | House |
| 0:22 | Construir | Palisade Wall |
| 1:57 | Construir | House |
| 2:41 | Construir | Palisade Wall |
| 3:22 | Construir | Lumber Camp |
| 4:20 | Crear | Villager (Male) |
| 4:20 | Crear | Villager (Male) |
| 5:07 | Crear | Villager (Male) |
| 5:08 | Crear | Villager (Male) |
| 5:42 | Crear | Villager (Male) |
| 6:14 | Crear | Villager (Male) |
| 6:14 | Crear | Villager (Male) |
| 6:35 | Crear | Villager (Male) |
| 6:36 | Crear | Villager (Male) |
| 7:26 | Crear | Villager (Male) |
| 7:27 | Crear | Villager (Male) |
| 7:28 | Crear | Villager (Male) |
| 7:28 | Crear | Villager (Male) |
| 7:30 | Crear | Villager (Male) |
| 7:40 | Crear | Villager (Male) |
| 7:40 | Crear | Villager (Male) |
| 7:41 | Crear | Villager (Male) |
| 7:41 | Crear | Villager (Male) |
| 8:05 | Crear | Villager (Male) |
| 8:05 | Crear | Villager (Male) |
| 8:32 | Crear | Villager (Male) |
| 8:32 | Crear | Villager (Male) |
| 9:10 | Construir | House |
| 9:11 | Construir | House |
| 9:54 | Construir | Palisade Wall |
| 9:56 | Construir | Palisade Wall |
| 10:16 | Construir | Palisade Wall |
| 10:23 | Crear | Villager (Male) ×4 |
| 10:23 | Crear | Villager (Male) ×4 |
| 11:20 | Crear | Villager (Male) |
| 11:20 | Crear | Villager (Male) |
| 11:20 | Crear | Villager (Male) |
| 11:42 | Crear | Villager (Male) |
| 11:43 | Crear | Villager (Male) |
| 11:43 | Crear | Villager (Male) |
| 11:52 | Construir | Palisade Wall |
| 11:53 | Construir | Palisade Wall |
| 11:54 | Construir | Palisade Wall |
| 12:24 | Crear | Villager (Male) |
| 12:46 | Construir | Palisade Wall |
| 12:48 | Construir | Palisade Wall |
| 12:57 | Construir | Mill |
| 13:54 | Construir | Mill |
| 14:04 | Investigar | Feudal Age |
| 14:47 | Construir | Lumber Camp |
| 14:49 | Crear | Villager (Male) |
| 15:10 | Crear | Villager (Male) |
| 16:28 | Crear | Villager (Male) |
| 16:38 | Construir | Mining Camp |
| 16:42 | Edad | Edad Feudal |
| 16:45 | Investigar | Double-Bit Axe |
| 17:48 | Construir | House |
| 17:55 | Crear | Villager (Male) |
| 17:56 | Crear | Villager (Male) |
| 18:13 | Construir | Blacksmith |
| 18:42 | Crear | Villager (Male) |
| 18:53 | Construir | Market |
| 19:11 | Crear | Villager (Male) |
| 19:11 | Crear | Villager (Male) |
| 19:20 | Construir | House |
| 19:21 | Construir | House |
| 20:01 | Crear | Villager (Male) |
| 20:22 | Crear | Villager (Male) |
| 20:23 | Crear | Villager (Male) |
| 20:30 | Construir | Mining Camp |
| 21:02 | Investigar | Castle Age |
| 21:03 | Investigar | Castle Age |
| 21:22 | Construir | Farm |
| 21:23 | Construir | Farm |
| 21:23 | Construir | Farm |
| 21:24 | Construir | Farm |
| 21:25 | Construir | Farm |
| 21:26 | Construir | Farm |
| 21:42 | Construir | Farm |
| 21:54 | Investigar | Horse Collar |
| 22:07 | Construir | Farm |
| 22:31 | Crear | Villager (Male) |
| 22:51 | Crear | Villager (Male) |
| 23:44 | Crear | Villager (Male) ×2 |
| 23:57 | Edad | Edad de los Castillos |
| 24:13 | Construir | Castle |
| 24:21 | Investigar | Fletching |
| 24:21 | Investigar | Fletching |
| 24:25 | Crear | Villager (Male) |
| 24:27 | Construir | Farm |
| 24:37 | Construir | Town Center |
| 25:10 | Crear | Villager (Male) |
| 25:30 | Construir | Town Center |
| 25:35 | Construir | Farm |
| 25:40 | Construir | Farm |
| 25:42 | Crear | Villager (Male) |
| 25:58 | Construir | Mining Camp |
| 26:23 | Crear | Mangudai |
| 26:34 | Construir | Farm |
| 26:36 | Crear | Villager (Male) ×4 |
| 26:36 | Crear | Villager (Male) ×4 |
| 26:43 | Construir | Farm |
| 27:05 | Construir | Farm |
| 27:16 | Investigar | Bow Saw |
| 27:33 | Construir | Farm |
| 27:34 | Crear | Villager (Male) |
| 27:40 | Crear | Mangudai ×2 |
| 27:41 | Crear | Mangudai ×2 |
| 27:49 | Crear | Villager (Male) |
| 28:09 | Construir | House |
| 28:14 | Crear | Mangudai |
| 28:14 | Crear | Mangudai |
| 28:17 | Construir | Farm |
| 28:20 | Crear | Villager (Male) ×3 |
| 28:20 | Crear | Villager (Male) ×3 |
| 28:44 | Crear | Villager (Male) ×2 |
| 28:44 | Crear | Villager (Male) ×2 |
| 28:48 | Construir | Farm |
| 29:04 | Construir | University |
| 29:07 | Construir | Monastery |
| 29:10 | Crear | Villager (Male) ×3 |
| 29:11 | Crear | Villager (Male) ×3 |
| 29:23 | Construir | Farm |
| 29:29 | Crear | Petard |
| 29:39 | Crear | Petard |
| 29:43 | Crear | Mangudai ×2 |
| 29:43 | Crear | Mangudai ×2 |
| 29:48 | Construir | Farm |
| 29:50 | Crear | Villager (Male) |
| 29:50 | Crear | Villager (Male) |
| 30:00 | Crear | Mangudai |
| 30:00 | Crear | Mangudai |
| 30:18 | Investigar | Ballistics |
| 30:28 | Construir | Farm |
| 30:39 | Investigar | Bodkin Arrow |
| 30:43 | Crear | Mangudai ×2 |
| 30:43 | Crear | Mangudai ×2 |
| 30:51 | Crear | Mangudai |
| 30:52 | Crear | Mangudai |
| 31:30 | Crear | Mangudai ×2 |
| 31:31 | Crear | Mangudai ×2 |
| 32:49 | Construir | Stone Wall |
| 32:54 | Construir | Gate |
| 33:08 | Crear | Villager (Male) ×5 |
Build order — MAC01
Primeras 150 de 319 acciones detectadas
| 0:13 | Construir | House |
| 0:19 | Crear | Villager (Male) |
| 0:19 | Crear | Villager (Male) |
| 0:20 | Crear | Villager (Male) |
| 0:20 | Crear | Villager (Male) |
| 0:49 | Construir | House |
| 1:19 | Construir | House |
| 1:51 | Construir | Palisade Wall |
| 3:22 | Construir | Palisade Gate |
| 3:39 | Crear | Villager (Male) |
| 3:39 | Crear | Villager (Male) |
| 3:40 | Crear | Villager (Male) |
| 4:50 | Construir | Palisade Wall |
| 6:32 | Construir | Palisade Gate |
| 6:51 | Construir | Lumber Camp |
| 8:09 | Construir | Mill |
| 8:21 | Crear | Villager (Male) |
| 8:21 | Crear | Villager (Male) |
| 8:21 | Crear | Villager (Male) |
| 8:21 | Crear | Villager (Male) |
| 9:36 | Construir | Mining Camp |
| 10:39 | Crear | Villager (Male) |
| 10:39 | Crear | Villager (Male) |
| 10:39 | Crear | Villager (Male) |
| 10:39 | Crear | Villager (Male) |
| 10:39 | Crear | Villager (Male) |
| 11:34 | Construir | House |
| 11:42 | Construir | House |
| 14:39 | Investigar | Feudal Age |
| 15:53 | Construir | Farm |
| 15:57 | Construir | Farm |
| 16:02 | Construir | Farm |
| 16:06 | Construir | Farm |
| 16:10 | Construir | Farm |
| 16:14 | Construir | Farm |
| 16:49 | Edad | Edad Feudal |
| 16:52 | Investigar | Horse Collar |
| 17:04 | Crear | Villager (Male) |
| 17:43 | Investigar | Double-Bit Axe |
| 18:11 | Construir | Town Center |
| 19:45 | Construir | House |
| 19:47 | Construir | House |
| 19:50 | Construir | House |
| 19:55 | Construir | House |
| 20:04 | Crear | Villager (Male) |
| 20:04 | Crear | Villager (Male) |
| 20:05 | Crear | Villager (Male) |
| 20:05 | Crear | Villager (Male) |
| 20:05 | Crear | Villager (Male) |
| 21:42 | Construir | Farm |
| 21:56 | Construir | Farm |
| 22:15 | Construir | Market |
| 22:22 | Construir | Blacksmith |
| 22:34 | Construir | Farm |
| 22:38 | Construir | Farm |
| 22:43 | Construir | Farm |
| 23:14 | Crear | Villager (Male) |
| 23:15 | Crear | Villager (Male) |
| 23:15 | Crear | Villager (Male) |
| 23:15 | Crear | Villager (Male) |
| 23:15 | Crear | Villager (Male) |
| 23:15 | Crear | Villager (Male) |
| 23:19 | Crear | Villager (Male) |
| 23:19 | Crear | Villager (Male) |
| 23:20 | Crear | Villager (Male) |
| 23:21 | Investigar | Loom |
| 23:40 | Construir | Farm |
| 23:48 | Construir | Farm |
| 23:57 | Construir | Farm |
| 24:16 | Crear | Trade Cart |
| 24:17 | Crear | Trade Cart |
| 24:17 | Crear | Trade Cart |
| 24:18 | Crear | Trade Cart |
| 24:19 | Crear | Trade Cart |
| 24:20 | Crear | Trade Cart |
| 24:33 | Construir | Farm |
| 26:06 | Construir | Siege Workshop |
| 26:11 | Construir | Siege Workshop |
| 28:13 | Investigar | Castle Age |
| 28:57 | Construir | Farm |
| 29:12 | Crear | Villager (Male) |
| 29:12 | Crear | Villager (Male) |
| 29:13 | Crear | Villager (Male) |
| 29:13 | Crear | Villager (Male) |
| 29:18 | Crear | Villager (Male) |
| 29:19 | Crear | Villager (Male) |
| 29:19 | Crear | Villager (Male) |
| 29:19 | Crear | Villager (Male) |
| 29:20 | Crear | Villager (Male) |
| 29:20 | Crear | Villager (Male) |
| 29:20 | Crear | Villager (Male) |
| 29:21 | Crear | Villager (Male) |
| 29:22 | Crear | Villager (Male) |
| 29:22 | Crear | Villager (Male) |
| 29:25 | Crear | Villager (Male) |
| 30:12 | Investigar | Forging |
| 30:13 | Investigar | Scale Mail Armor |
| 30:16 | Investigar | Fletching |
| 30:31 | Construir | Barracks |
| 30:35 | Construir | Barracks |
| 30:44 | Construir | Farm |
| 30:53 | Edad | Edad de los Castillos |
| 30:56 | Crear | Villager (Male) |
| 30:56 | Crear | Villager (Male) |
| 31:25 | Investigar | Pikeman (upgrade) |
| 31:27 | Investigar | Squires |
| 31:35 | Crear | Scorpion |
| 31:36 | Crear | Scorpion |
| 32:04 | Crear | Mangonel |
| 32:32 | Construir | Archery Range |
| 32:43 | Crear | Spearman |
| 32:44 | Crear | Spearman |
| 32:44 | Crear | Spearman |
| 32:44 | Crear | Spearman |
| 32:44 | Crear | Spearman |
| 32:44 | Crear | Spearman |
| 32:45 | Crear | Spearman |
| 32:45 | Crear | Spearman |
| 32:45 | Crear | Spearman |
| 33:23 | Investigar | Scale Barding Armor |
| 33:38 | Investigar | Elite Skirmisher (upgrade) |
| 35:09 | Construir | Castle |
| 35:30 | Crear | Cavalry Archer |
| 35:30 | Crear | Cavalry Archer |
| 35:30 | Crear | Cavalry Archer |
| 35:30 | Crear | Cavalry Archer |
| 35:30 | Crear | Cavalry Archer |
| 35:31 | Crear | Cavalry Archer |
| 35:31 | Crear | Cavalry Archer |
| 35:31 | Crear | Cavalry Archer |
| 35:34 | Crear | Spearman |
| 35:35 | Crear | Spearman |
| 35:35 | Crear | Spearman |
| 35:35 | Crear | Spearman |
| 35:35 | Crear | Spearman |
| 35:36 | Crear | Spearman |
| 35:36 | Crear | Spearman |
| 35:37 | Crear | Spearman |
| 35:37 | Crear | Spearman |
| 35:39 | Crear | Spearman |
| 35:39 | Crear | Spearman |
| 35:39 | Crear | Spearman |
| 35:40 | Crear | Spearman |
| 35:53 | Crear | Scorpion |
| 35:53 | Crear | Scorpion |
| 35:53 | Crear | Scorpion |
| 36:29 | Construir | University |
| 36:36 | Investigar | Town Watch |
| 36:37 | Investigar | Wheelbarrow |
| 36:38 | Investigar | Loom |
Build order — 中年不油妮
3 acciones detectadas en el replay
| 0:14 | Construir | House |
| 0:19 | Investigar | Loom |
| 0:19 | Investigar | Loom |
Build order — KKony
Primeras 150 de 221 acciones detectadas
| 0:02 | Crear | Villager (Male) |
| 0:02 | Crear | Villager (Male) |
| 0:02 | Crear | Villager (Male) |
| 0:02 | Crear | Villager (Male) |
| 0:20 | Investigar | Loom |
| 0:30 | Construir | House |
| 0:49 | Crear | Villager (Male) |
| 0:56 | Construir | House |
| 1:03 | Construir | Palisade Wall |
| 1:17 | Crear | Villager (Male) |
| 1:45 | Construir | Palisade Wall |
| 1:47 | Construir | Palisade Wall |
| 1:54 | Crear | Villager (Male) |
| 2:29 | Crear | Villager (Male) |
| 3:15 | Crear | Villager (Male) |
| 3:55 | Construir | Palisade Wall |
| 4:04 | Construir | Palisade Wall |
| 4:21 | Crear | Villager (Male) |
| 4:21 | Crear | Villager (Male) |
| 5:40 | Crear | Villager (Male) |
| 5:40 | Crear | Villager (Male) |
| 6:31 | Crear | Villager (Male) |
| 7:25 | Crear | Villager (Male) |
| 7:29 | Construir | Lumber Camp |
| 7:46 | Crear | Villager (Male) |
| 7:51 | Construir | House |
| 8:09 | Crear | Villager (Male) |
| 8:45 | Crear | Villager (Male) |
| 9:26 | Construir | Mill |
| 10:46 | Crear | Villager (Male) |
| 11:17 | Crear | Villager (Male) |
| 11:36 | Construir | Palisade Wall |
| 11:40 | Crear | Villager (Male) |
| 11:48 | Construir | Mill |
| 11:50 | Crear | Villager (Male) |
| 12:34 | Crear | Villager (Male) |
| 12:54 | Construir | House |
| 13:07 | Crear | Villager (Male) |
| 13:12 | Construir | Farm |
| 13:54 | Crear | Villager (Male) |
| 13:54 | Crear | Villager (Male) |
| 13:54 | Crear | Villager (Male) |
| 13:54 | Crear | Villager (Male) |
| 13:55 | Crear | Villager (Male) |
| 13:55 | Crear | Villager (Male) |
| 14:36 | Crear | Villager (Male) |
| 14:36 | Crear | Villager (Male) |
| 14:58 | Crear | Villager (Male) |
| 15:12 | Construir | House |
| 15:16 | Crear | Villager (Male) |
| 15:16 | Crear | Villager (Male) |
| 15:16 | Crear | Villager (Male) |
| 16:11 | Construir | Palisade Gate |
| 16:13 | Construir | Palisade Wall |
| 16:16 | Construir | Lumber Camp |
| 16:30 | Construir | Farm |
| 16:44 | Construir | Lumber Camp |
| 17:14 | Construir | Farm |
| 17:14 | Construir | Farm |
| 17:15 | Construir | Farm |
| 17:41 | Investigar | Feudal Age |
| 17:50 | Construir | Mining Camp |
| 18:34 | Construir | House |
| 18:38 | Construir | Mining Camp |
| 19:52 | Edad | Edad Feudal |
| 19:53 | Crear | Villager (Male) |
| 20:04 | Construir | Farm |
| 20:04 | Construir | Farm |
| 20:04 | Construir | Farm |
| 20:05 | Construir | Farm |
| 20:15 | Crear | Villager (Male) |
| 20:27 | Construir | Farm |
| 20:29 | Investigar | Double-Bit Axe |
| 20:32 | Investigar | Horse Collar |
| 20:38 | Crear | Villager (Male) |
| 21:01 | Construir | Stone Wall |
| 21:12 | Construir | Gate |
| 21:15 | Construir | Stone Wall |
| 21:19 | Crear | Villager (Male) |
| 21:20 | Crear | Villager (Male) |
| 21:20 | Crear | Villager (Male) |
| 21:25 | Construir | Stone Wall |
| 21:35 | Construir | Farm |
| 21:40 | Construir | House |
| 21:59 | Crear | Villager (Male) |
| 22:13 | Construir | Farm |
| 22:43 | Crear | Villager (Male) |
| 23:05 | Construir | Farm |
| 23:18 | Construir | Farm |
| 23:23 | Construir | Blacksmith |
| 23:33 | Crear | Villager (Male) |
| 23:40 | Construir | Market |
| 23:45 | Crear | Villager (Male) |
| 23:53 | Investigar | Wheelbarrow |
| 23:54 | Crear | Villager (Male) |
| 24:03 | Construir | Farm |
| 24:12 | Construir | Farm |
| 24:40 | Crear | Villager (Male) |
| 24:57 | Construir | Farm |
| 25:09 | Construir | Farm |
| 25:27 | Construir | House |
| 25:37 | Investigar | Castle Age |
| 26:49 | Construir | Barracks |
| 27:35 | Investigar | Scale Barding Armor |
| 27:38 | Investigar | Forging |
| 27:55 | Construir | Stone Wall |
| 28:16 | Construir | Stone Wall |
| 28:43 | Edad | Edad de los Castillos |
| 28:49 | Construir | Castle |
| 29:24 | Investigar | Pikeman (upgrade) |
| 29:43 | Crear | Conquistador |
| 29:43 | Crear | Conquistador |
| 29:45 | Crear | Villager (Male) |
| 29:46 | Crear | Villager (Male) |
| 30:24 | Crear | Spearman |
| 30:25 | Crear | Spearman |
| 30:25 | Crear | Spearman |
| 30:33 | Crear | Villager (Male) |
| 30:35 | Crear | Conquistador |
| 30:46 | Construir | Lumber Camp |
| 30:51 | Crear | Conquistador |
| 30:55 | Investigar | Padded Archer Armor |
| 30:56 | Crear | Villager (Male) |
| 31:02 | Crear | Villager (Male) |
| 31:07 | Crear | Conquistador |
| 31:07 | Crear | Conquistador |
| 31:26 | Crear | Villager (Male) |
| 31:29 | Crear | Spearman |
| 31:30 | Crear | Spearman |
| 31:51 | Crear | Conquistador |
| 32:01 | Crear | Villager (Male) |
| 32:01 | Crear | Villager (Male) |
| 32:04 | Construir | Farm |
| 32:04 | Construir | Farm |
| 32:13 | Construir | Town Center |
| 32:26 | Crear | Villager (Male) |
| 32:34 | Construir | Farm |
| 32:35 | Construir | Farm |
| 32:35 | Construir | Farm |
| 32:35 | Construir | Farm |
| 32:35 | Construir | Farm |
| 32:57 | Crear | Villager (Male) |
| 33:14 | Crear | Villager (Male) |
| 33:35 | Crear | Villager (Male) |
| 33:35 | Crear | Villager (Male) |
| 33:44 | Construir | Farm |
| 33:58 | Crear | Villager (Male) |
| 33:58 | Crear | Villager (Male) |
| 34:03 | Construir | Farm |
| 34:03 | Construir | Farm |
Build order — Bubbles879
Primeras 150 de 410 acciones detectadas
| 0:01 | Crear | Villager (Male) |
| 0:03 | Construir | House |
| 0:04 | Construir | House |
| 0:19 | Investigar | Loom |
| 0:19 | Crear | Villager (Male) |
| 0:19 | Investigar | Loom |
| 0:19 | Crear | Villager (Male) |
| 0:42 | Crear | Villager (Male) |
| 0:42 | Crear | Villager (Male) |
| 0:50 | Construir | Palisade Wall |
| 2:01 | Crear | Villager (Male) |
| 2:01 | Crear | Villager (Male) |
| 2:31 | Crear | Villager (Male) |
| 2:32 | Crear | Villager (Male) |
| 2:54 | Crear | Villager (Male) |
| 2:54 | Crear | Villager (Male) |
| 3:28 | Crear | Villager (Male) |
| 3:29 | Crear | Villager (Male) |
| 3:46 | Crear | Villager (Male) |
| 3:46 | Crear | Villager (Male) |
| 3:55 | Construir | House |
| 4:08 | Construir | Lumber Camp |
| 4:20 | Crear | Villager (Male) |
| 4:20 | Crear | Villager (Male) |
| 4:48 | Crear | Villager (Male) |
| 4:49 | Crear | Villager (Male) |
| 4:49 | Crear | Villager (Male) |
| 5:30 | Crear | Villager (Male) |
| 5:31 | Crear | Villager (Male) |
| 5:50 | Construir | House |
| 5:52 | Crear | Villager (Male) |
| 5:53 | Crear | Villager (Male) |
| 6:21 | Crear | Villager (Male) |
| 6:21 | Crear | Villager (Male) |
| 6:22 | Crear | Villager (Male) |
| 6:27 | Crear | Villager (Male) |
| 6:27 | Crear | Villager (Male) |
| 6:39 | Construir | Mill |
| 6:54 | Crear | Villager (Male) |
| 6:54 | Crear | Villager (Male) |
| 6:55 | Crear | Villager (Male) |
| 7:26 | Construir | Farm |
| 7:29 | Construir | House |
| 7:40 | Crear | Villager (Male) |
| 7:56 | Crear | Villager (Male) |
| 7:57 | Crear | Villager (Male) |
| 8:04 | Construir | Farm |
| 8:16 | Construir | Farm |
| 8:37 | Crear | Villager (Male) |
| 8:49 | Crear | Villager (Male) |
| 9:50 | Construir | Mining Camp |
| 10:13 | Investigar | Feudal Age |
| 10:14 | Investigar | Feudal Age |
| 12:23 | Edad | Edad Feudal |
| 12:31 | Construir | Market |
| 12:33 | Investigar | Wheelbarrow |
| 12:33 | Investigar | Wheelbarrow |
| 12:36 | Construir | Blacksmith |
| 13:09 | Construir | Stone Wall |
| 13:28 | Investigar | Castle Age |
| 13:28 | Investigar | Castle Age |
| 13:42 | Investigar | Double-Bit Axe |
| 13:43 | Investigar | Double-Bit Axe |
| 14:02 | Investigar | Horse Collar |
| 14:36 | Construir | Farm |
| 15:28 | Construir | House |
| 15:30 | Construir | House |
| 16:08 | Edad | Edad de los Castillos |
| 16:12 | Investigar | Hand Cart |
| 16:13 | Investigar | Hand Cart |
| 16:17 | Construir | Town Center |
| 16:24 | Crear | Villager (Male) |
| 16:28 | Construir | Town Center |
| 16:39 | Construir | Farm |
| 16:40 | Construir | Farm |
| 16:45 | Construir | Farm |
| 17:05 | Construir | Gate |
| 17:13 | Crear | Villager (Male) |
| 17:14 | Crear | Villager (Male) |
| 17:14 | Crear | Villager (Male) |
| 17:16 | Construir | Farm |
| 17:27 | Crear | Villager (Male) |
| 17:27 | Crear | Villager (Male) |
| 17:28 | Crear | Villager (Male) |
| 17:28 | Crear | Villager (Male) |
| 17:29 | Crear | Villager (Male) |
| 17:33 | Construir | Farm |
| 17:34 | Construir | Farm |
| 17:34 | Construir | Farm |
| 17:35 | Construir | Farm |
| 17:35 | Construir | Farm |
| 17:36 | Construir | Farm |
| 17:36 | Construir | Farm |
| 17:36 | Construir | Farm |
| 17:54 | Construir | Farm |
| 18:00 | Crear | Villager (Male) |
| 18:01 | Crear | Villager (Male) |
| 18:16 | Crear | Villager (Male) |
| 18:17 | Crear | Villager (Male) |
| 18:17 | Crear | Villager (Male) |
| 18:22 | Construir | Farm |
| 18:32 | Crear | Villager (Male) |
| 18:32 | Crear | Villager (Male) |
| 18:38 | Construir | Farm |
| 18:56 | Construir | Farm |
| 18:57 | Construir | Farm |
| 18:59 | Crear | Villager (Male) |
| 18:59 | Crear | Villager (Male) |
| 19:00 | Crear | Villager (Male) |
| 19:12 | Construir | Farm |
| 19:16 | Crear | Villager (Male) |
| 19:17 | Crear | Villager (Male) |
| 19:17 | Crear | Villager (Male) |
| 19:29 | Crear | Villager (Male) |
| 19:29 | Crear | Villager (Male) |
| 19:30 | Crear | Villager (Male) |
| 19:35 | Construir | Farm |
| 19:47 | Crear | Villager (Male) |
| 19:48 | Crear | Villager (Male) |
| 19:52 | Construir | House |
| 19:53 | Construir | House |
| 19:58 | Crear | Villager (Male) |
| 19:58 | Crear | Villager (Male) |
| 20:04 | Construir | Farm |
| 20:07 | Crear | Villager (Male) |
| 20:08 | Crear | Villager (Male) |
| 20:12 | Construir | Farm |
| 20:16 | Crear | Villager (Male) |
| 20:16 | Crear | Villager (Male) |
| 20:26 | Crear | Villager (Male) |
| 20:26 | Crear | Villager (Male) |
| 20:27 | Crear | Villager (Male) |
| 20:27 | Crear | Villager (Male) |
| 20:31 | Construir | Farm |
| 20:32 | Construir | Farm |
| 20:33 | Construir | Farm |
| 20:40 | Crear | Villager (Male) |
| 20:41 | Crear | Villager (Male) |
| 20:41 | Crear | Villager (Male) |
| 20:42 | Crear | Villager (Male) |
| 20:54 | Construir | Lumber Camp |
| 21:04 | Crear | Villager (Male) |
| 21:04 | Crear | Villager (Male) |
| 21:05 | Crear | Villager (Male) |
| 21:05 | Crear | Villager (Male) |
| 21:10 | Construir | Farm |
| 21:22 | Crear | Villager (Male) |
| 21:22 | Crear | Villager (Male) |
| 21:22 | Crear | Villager (Male) |
| 21:32 | Construir | House |
Build order — ΔXX▼✞♪przyszłość✞Ⅶ
Primeras 150 de 388 acciones detectadas
| 0:09 | Crear | Villager (Male) |
| 0:10 | Crear | Villager (Male) |
| 0:10 | Crear | Villager (Male) |
| 0:10 | Crear | Villager (Male) |
| 0:10 | Crear | Villager (Male) |
| 0:13 | Construir | House |
| 0:15 | Construir | House |
| 0:35 | Investigar | Loom |
| 0:35 | Investigar | Loom |
| 0:36 | Crear | Villager (Male) |
| 0:36 | Crear | Villager (Male) |
| 0:36 | Crear | Villager (Male) |
| 0:37 | Crear | Villager (Male) |
| 2:36 | Crear | Villager (Male) |
| 2:37 | Crear | Villager (Male) |
| 3:34 | Crear | Villager (Male) |
| 3:34 | Crear | Villager (Male) |
| 5:04 | Crear | Villager (Male) |
| 5:05 | Crear | Villager (Male) |
| 5:05 | Crear | Villager (Male) |
| 5:36 | Crear | Villager (Male) |
| 5:36 | Crear | Villager (Male) |
| 5:44 | Construir | Outpost |
| 6:13 | Crear | Villager (Male) |
| 6:13 | Crear | Villager (Male) |
| 6:23 | Construir | Palisade Wall |
| 6:26 | Construir | Palisade Wall |
| 6:30 | Construir | Palisade Wall |
| 6:35 | Construir | Palisade Wall |
| 6:49 | Construir | Palisade Wall |
| 6:52 | Construir | Palisade Wall |
| 6:57 | Construir | Palisade Wall |
| 7:47 | Crear | Villager (Male) |
| 7:47 | Crear | Villager (Male) |
| 7:47 | Crear | Villager (Male) |
| 7:47 | Crear | Villager (Male) |
| 8:08 | Crear | Villager (Male) |
| 8:08 | Crear | Villager (Male) |
| 9:05 | Construir | House |
| 9:28 | Construir | House |
| 9:56 | Construir | Lumber Camp |
| 10:56 | Crear | Villager (Male) |
| 10:56 | Crear | Villager (Male) |
| 10:57 | Crear | Villager (Male) |
| 11:57 | Crear | Villager (Male) |
| 12:08 | Construir | Mining Camp |
| 12:35 | Construir | Lumber Camp |
| 12:53 | Crear | Villager (Male) |
| 12:53 | Crear | Villager (Male) |
| 13:53 | Crear | Villager (Male) |
| 14:32 | Crear | Villager (Male) |
| 14:32 | Crear | Villager (Male) |
| 14:41 | Construir | House |
| 14:57 | Construir | Palisade Wall |
| 15:01 | Construir | Palisade Wall |
| 15:04 | Construir | Palisade Wall |
| 15:09 | Construir | House |
| 15:14 | Construir | House |
| 15:24 | Crear | Villager (Male) |
| 15:49 | Construir | Mill |
| 15:57 | Crear | Villager (Male) |
| 16:15 | Crear | Villager (Male) |
| 16:57 | Construir | Barracks |
| 17:06 | Investigar | Feudal Age |
| 17:19 | Construir | House |
| 17:57 | Construir | Farm |
| 17:57 | Construir | Farm |
| 17:57 | Construir | Farm |
| 17:57 | Construir | Farm |
| 17:58 | Construir | Farm |
| 17:58 | Construir | Farm |
| 17:59 | Construir | Farm |
| 18:16 | Construir | Farm |
| 18:18 | Construir | Farm |
| 18:18 | Construir | Farm |
| 18:24 | Edad | Edad Feudal |
| 18:46 | Crear | Villager (Male) |
| 18:47 | Crear | Villager (Male) |
| 18:47 | Crear | Villager (Male) |
| 18:49 | Crear | Villager (Male) |
| 19:20 | Construir | Mining Camp |
| 19:46 | Construir | Blacksmith |
| 19:50 | Construir | Market |
| 19:56 | Crear | Villager (Male) |
| 19:57 | Crear | Villager (Male) |
| 20:50 | Construir | Farm |
| 20:51 | Construir | Farm |
| 20:51 | Construir | Farm |
| 20:57 | Crear | Villager (Male) |
| 21:19 | Crear | Villager (Male) |
| 21:43 | Crear | Villager (Male) |
| 22:12 | Crear | Villager (Male) |
| 22:14 | Investigar | Castle Age |
| 22:28 | Investigar | Horse Collar |
| 23:38 | Construir | Farm |
| 23:38 | Construir | Farm |
| 23:39 | Construir | Farm |
| 23:39 | Construir | Farm |
| 23:39 | Construir | Farm |
| 23:52 | Construir | House |
| 23:54 | Construir | House |
| 24:32 | Edad | Edad de los Castillos |
| 24:41 | Construir | Stone Wall |
| 24:49 | Crear | Villager (Male) |
| 24:50 | Crear | Villager (Male) |
| 24:59 | Construir | Castle |
| 25:15 | Construir | Town Center |
| 25:18 | Crear | Villager (Male) |
| 25:19 | Crear | Villager (Male) |
| 25:32 | Construir | Stone Wall |
| 25:42 | Construir | Farm |
| 25:43 | Construir | Farm |
| 25:43 | Construir | Farm |
| 25:43 | Construir | Farm |
| 25:43 | Construir | Farm |
| 25:44 | Construir | Farm |
| 25:51 | Crear | Villager (Male) |
| 25:58 | Investigar | Forging |
| 26:42 | Construir | Siege Workshop |
| 26:44 | Crear | Villager (Male) |
| 26:45 | Crear | Villager (Male) |
| 26:47 | Crear | Villager (Male) |
| 26:50 | Crear | Villager (Male) |
| 26:58 | Crear | Villager (Male) |
| 26:59 | Crear | Villager (Male) |
| 27:03 | Crear | Karambit Warrior |
| 27:04 | Crear | Karambit Warrior |
| 27:04 | Crear | Karambit Warrior |
| 27:11 | Crear | Karambit Warrior |
| 27:11 | Crear | Karambit Warrior |
| 27:15 | Crear | Karambit Warrior |
| 27:16 | Crear | Karambit Warrior |
| 27:20 | Crear | Karambit Warrior |
| 27:22 | Investigar | Iron Casting |
| 27:25 | Crear | Karambit Warrior |
| 27:30 | Crear | Villager (Male) |
| 27:30 | Crear | Villager (Male) |
| 27:36 | Crear | Villager (Male) |
| 27:36 | Crear | Villager (Male) |
| 27:39 | Crear | Karambit Warrior |
| 27:40 | Crear | Karambit Warrior |
| 28:05 | Investigar | Arson |
| 28:06 | Investigar | Squires |
| 28:06 | Investigar | Squires |
| 28:09 | Crear | Karambit Warrior |
| 28:09 | Crear | Karambit Warrior |
| 28:10 | Crear | Karambit Warrior |
| 28:18 | Crear | Villager (Male) |
| 28:18 | Crear | Villager (Male) |
| 28:24 | Crear | Karambit Warrior |
Build order — Defenestrator
Primeras 150 de 332 acciones detectadas
| 0:02 | Crear | Villager (Male) |
| 0:03 | Crear | Villager (Male) |
| 0:03 | Crear | Villager (Male) |
| 0:03 | Crear | Villager (Male) |
| 0:09 | Investigar | Loom |
| 0:09 | Investigar | Loom |
| 0:11 | Construir | House |
| 0:27 | Crear | Villager (Male) |
| 0:34 | Crear | Villager (Male) |
| 0:35 | Crear | Villager (Male) |
| 0:45 | Construir | Palisade Wall |
| 1:00 | Construir | Palisade Wall |
| 2:00 | Construir | Palisade Wall |
| 2:53 | Crear | Villager (Male) |
| 2:53 | Crear | Villager (Male) |
| 2:54 | Crear | Villager (Male) |
| 4:07 | Construir | House |
| 5:10 | Construir | Palisade Gate |
| 5:37 | Crear | Villager (Male) |
| 5:38 | Crear | Villager (Male) |
| 6:01 | Construir | Mill |
| 6:35 | Construir | Palisade Wall |
| 6:41 | Crear | Villager (Male) |
| 6:41 | Crear | Villager (Male) |
| 7:13 | Crear | Villager (Male) |
| 7:13 | Crear | Villager (Male) |
| 7:38 | Crear | Villager (Male) |
| 7:38 | Crear | Villager (Male) |
| 7:38 | Crear | Villager (Male) |
| 8:06 | Crear | Villager (Male) |
| 8:07 | Crear | Villager (Male) |
| 8:29 | Crear | Villager (Male) |
| 8:29 | Crear | Villager (Male) |
| 8:29 | Crear | Villager (Male) |
| 8:32 | Construir | House |
| 9:18 | Crear | Villager (Male) |
| 9:18 | Crear | Villager (Male) |
| 9:21 | Construir | House |
| 9:58 | Construir | Lumber Camp |
| 11:03 | Construir | House |
| 11:35 | Construir | Mill |
| 12:48 | Crear | Villager (Male) |
| 12:48 | Crear | Villager (Male) |
| 13:22 | Crear | Villager (Male) |
| 14:12 | Crear | Villager (Male) |
| 14:12 | Crear | Villager (Male) |
| 14:42 | Crear | Villager (Male) |
| 14:42 | Crear | Villager (Male) |
| 14:54 | Crear | Villager (Male) |
| 15:02 | Construir | House |
| 15:23 | Crear | Villager (Male) |
| 15:23 | Crear | Villager (Male) |
| 16:27 | Crear | Villager (Male) |
| 16:57 | Investigar | Feudal Age |
| 16:57 | Investigar | Feudal Age |
| 17:19 | Construir | Mill |
| 18:25 | Construir | Mining Camp |
| 18:58 | Crear | Villager (Male) |
| 18:58 | Crear | Villager (Male) |
| 18:58 | Crear | Villager (Male) |
| 19:07 | Edad | Edad Feudal |
| 19:15 | Construir | Market |
| 19:21 | Construir | Blacksmith |
| 19:27 | Investigar | Horse Collar |
| 20:24 | Construir | House |
| 20:38 | Crear | Villager (Male) |
| 21:45 | Investigar | Castle Age |
| 21:45 | Investigar | Castle Age |
| 21:52 | Construir | Mining Camp |
| 21:56 | Investigar | Double-Bit Axe |
| 21:59 | Construir | Lumber Camp |
| 22:40 | Construir | Barracks |
| 22:48 | Construir | Farm |
| 22:49 | Construir | Farm |
| 22:50 | Construir | Farm |
| 22:56 | Investigar | Gold Mining |
| 22:59 | Investigar | Stone Mining |
| 23:47 | Construir | Stable |
| 23:49 | Construir | Stable |
| 23:57 | Construir | Farm |
| 24:00 | Construir | Farm |
| 24:02 | Construir | Farm |
| 24:03 | Construir | Farm |
| 24:04 | Construir | Farm |
| 24:06 | Construir | Farm |
| 24:25 | Edad | Edad de los Castillos |
| 24:31 | Construir | Stone Wall |
| 24:37 | Crear | Villager (Male) |
| 24:37 | Crear | Villager (Male) |
| 24:37 | Crear | Villager (Male) |
| 24:38 | Crear | Villager (Male) |
| 24:38 | Crear | Villager (Male) |
| 25:08 | Crear | Villager (Male) |
| 25:09 | Crear | Villager (Male) |
| 25:09 | Crear | Villager (Male) |
| 25:28 | Construir | Stone Wall |
| 25:31 | Crear | Villager (Male) |
| 25:32 | Crear | Villager (Male) |
| 25:45 | Construir | Gate |
| 26:19 | Construir | Stone Wall |
| 26:23 | Crear | Villager (Male) |
| 26:23 | Crear | Villager (Male) |
| 26:23 | Crear | Villager (Male) |
| 26:24 | Crear | Villager (Male) |
| 26:31 | Construir | Siege Workshop |
| 26:45 | Construir | Farm |
| 26:54 | Construir | Monastery |
| 26:56 | Crear | Villager (Male) |
| 26:56 | Crear | Villager (Male) |
| 27:08 | Crear | Battering Ram |
| 27:08 | Crear | Battering Ram |
| 27:09 | Crear | Battering Ram |
| 27:16 | Construir | Farm |
| 27:17 | Construir | Farm |
| 27:18 | Construir | Farm |
| 27:57 | Crear | Battering Ram |
| 28:08 | Crear | Villager (Male) |
| 28:09 | Crear | Villager (Male) |
| 28:25 | Crear | Battering Ram |
| 28:30 | Investigar | Man-at-Arms (upgrade) |
| 28:32 | Crear | Militia |
| 28:32 | Crear | Militia |
| 28:33 | Crear | Militia |
| 28:33 | Crear | Militia |
| 28:36 | Crear | Spearman |
| 28:53 | Crear | Battering Ram |
| 28:57 | Crear | Villager (Male) |
| 28:57 | Crear | Villager (Male) |
| 29:17 | Crear | Militia |
| 29:17 | Crear | Militia |
| 29:18 | Crear | Militia |
| 29:33 | Investigar | Bloodlines |
| 29:35 | Crear | Knight |
| 29:36 | Crear | Knight |
| 29:36 | Crear | Knight |
| 29:36 | Crear | Knight |
| 29:47 | Crear | Villager (Male) |
| 29:47 | Crear | Villager (Male) |
| 29:48 | Crear | Villager (Male) |
| 29:59 | Crear | Villager (Male) |
| 30:07 | Investigar | Bow Saw |
| 30:08 | Investigar | Bow Saw |
| 30:15 | Crear | Battering Ram |
| 30:21 | Construir | House |
| 30:22 | Construir | House |
| 30:22 | Crear | Monk |
| 30:27 | Construir | Farm |
| 30:41 | Crear | Knight |
| 30:41 | Crear | Knight |
| 30:41 | Crear | Knight |
Cronología de la partida
| 0:22 | Walolo · wall_segment Palisade Wall x11 |
| 0:33 | 中年不油妮 · resign |
| 0:45 | Defenestrator · wall_segment Palisade Wall x16 |
| 0:50 | Bubbles879 · wall_segment Palisade Wall x11 |
| 1:00 | Defenestrator · wall_segment Palisade Wall x14 |
| 1:03 | KKony · wall_segment Palisade Wall x11 |
| 1:45 | KKony · wall_segment Palisade Wall x10 |
| 1:47 | KKony · wall_segment Palisade Wall x8 |
| 1:51 | MAC01 · wall_segment Palisade Wall x17 |
| 2:00 | Defenestrator · wall_segment Palisade Wall x7 |
| 2:09 | jason916802 · wall_segment Palisade Wall x18 |
| 2:41 | Walolo · wall_segment Palisade Wall x5 |
| 3:55 | KKony · wall_segment Palisade Wall x19 |
| 4:04 | KKony · wall_segment Palisade Wall x1 |
| 4:50 | MAC01 · wall_segment Palisade Wall x16 |
| 6:23 | ΔXX▼✞♪przyszłość✞Ⅶ · wall_segment Palisade Wall x2 |
| 6:26 | ΔXX▼✞♪przyszłość✞Ⅶ · wall_segment Palisade Wall x1 |
| 6:30 | ΔXX▼✞♪przyszłość✞Ⅶ · wall_segment Palisade Wall x1 |
| 6:35 | Defenestrator · wall_segment Palisade Wall x7 |
| 6:35 | ΔXX▼✞♪przyszłość✞Ⅶ · wall_segment Palisade Wall x1 |
| 6:49 | ΔXX▼✞♪przyszłość✞Ⅶ · wall_segment Palisade Wall x1 |
| 6:52 | ΔXX▼✞♪przyszłość✞Ⅶ · wall_segment Palisade Wall x1 |
| 6:57 | ΔXX▼✞♪przyszłość✞Ⅶ · wall_segment Palisade Wall x1 |
| 9:54 | Walolo · wall_segment Palisade Wall x9 |
| 9:56 | Walolo · wall_segment Palisade Wall x2 |
| 10:16 | Walolo · wall_segment Palisade Wall x2 |
| 11:35 | jason916802 · wall_segment Palisade Wall x1 |
| 11:36 | KKony · wall_segment Palisade Wall x13 |
| 11:52 | Walolo · wall_segment Palisade Wall x8 |
| 11:53 | Walolo · wall_segment Palisade Wall x1 |
| 11:54 | Walolo · wall_segment Palisade Wall x1 |
| 12:23 | Bubbles879 · age_up feudal |
| 12:46 | Walolo · wall_segment Palisade Wall x10 |
| 12:48 | Walolo · wall_segment Palisade Wall x1 |
| 13:09 | Bubbles879 · wall_segment Stone Wall x11 |
| 13:26 | Bubbles879 · first_market_sell 100 stone |
| 14:57 | ΔXX▼✞♪przyszłość✞Ⅶ · wall_segment Palisade Wall x1 |
| 15:01 | ΔXX▼✞♪przyszłość✞Ⅶ · wall_segment Palisade Wall x1 |
| 15:04 | ΔXX▼✞♪przyszłość✞Ⅶ · wall_segment Palisade Wall x1 |
| 16:08 | Bubbles879 · age_up castle |
| 16:13 | KKony · wall_segment Palisade Wall x1 |
| 16:42 | Walolo · age_up feudal |
| 16:49 | MAC01 · age_up feudal |
| 16:57 | ΔXX▼✞♪przyszłość✞Ⅶ · first_building Barracks |
| 18:24 | ΔXX▼✞♪przyszłość✞Ⅶ · age_up feudal |
| 19:07 | Defenestrator · age_up feudal |
| 19:52 | KKony · age_up feudal |
| 20:07 | Walolo · first_market_sell 100 wood |
| 20:08 | Walolo · first_market_buy 100 food |
| 20:12 | jason916802 · age_up feudal |
| 20:23 | Bubbles879 · first_market_buy 100 food |
| 20:37 | jason916802 · wall_segment Stone Wall x18 |
| 21:01 | KKony · wall_segment Stone Wall x7 |
| 21:15 | KKony · wall_segment Stone Wall x10 |
| 21:25 | KKony · wall_segment Stone Wall x26 |
| 21:51 | Bubbles879 · first_building Barracks |
| 22:37 | Bubbles879 · first_building Stable |
| 22:40 | Defenestrator · first_building Barracks |
| 23:03 | Bubbles879 · first_building Siege Workshop |
| 23:26 | jason916802 · wall_segment Stone Wall x7 |
| 23:30 | jason916802 · wall_segment Stone Wall x9 |
| 23:47 | Defenestrator · first_building Stable |
| 23:57 | Walolo · age_up castle |
| 24:10 | Bubbles879 · first_building Monastery |
| 24:13 | Walolo · first_building Castle |
| 24:25 | Defenestrator · age_up castle |
| 24:31 | Defenestrator · wall_segment Stone Wall x9 |
| 24:32 | ΔXX▼✞♪przyszłość✞Ⅶ · age_up castle |
| 24:41 | ΔXX▼✞♪przyszłość✞Ⅶ · wall_segment Stone Wall x9 |
| 24:56 | jason916802 · age_up castle |
| 24:59 | ΔXX▼✞♪przyszłość✞Ⅶ · first_building Castle |
| 25:09 | ΔXX▼✞♪przyszłość✞Ⅶ · first_market_buy 100 stone |
| 25:19 | KKony · first_market_buy 100 food |
| 25:28 | Defenestrator · wall_segment Stone Wall x6 |
| 25:32 | ΔXX▼✞♪przyszłość✞Ⅶ · wall_segment Stone Wall x1 |
| 26:06 | MAC01 · first_building Siege Workshop |
| 26:19 | Defenestrator · wall_segment Stone Wall x6 |
| 26:31 | Defenestrator · first_building Siege Workshop |
| 26:42 | ΔXX▼✞♪przyszłość✞Ⅶ · first_building Siege Workshop |
| 26:49 | KKony · first_building Barracks |
| 26:54 | Defenestrator · first_building Monastery |
| 27:24 | Bubbles879 · first_building Archery Range |
| 27:55 | KKony · wall_segment Stone Wall x13 |
| 28:16 | KKony · wall_segment Stone Wall x9 |
| 28:43 | KKony · age_up castle |
| 28:49 | KKony · first_building Castle |
| 29:07 | Walolo · first_building Monastery |
| 30:31 | MAC01 · first_building Barracks |
| 30:53 | MAC01 · age_up castle |
| 31:35 | jason916802 · wall_segment Stone Wall x18 |
| 32:01 | Bubbles879 · first_building Castle |
| 32:32 | MAC01 · first_building Archery Range |
| 32:49 | Walolo · wall_segment Stone Wall x6 |
| 32:53 | Bubbles879 · age_up imperial |
| 33:06 | Defenestrator · first_building Castle |
| 34:44 | jason916802 · wall_segment Stone Wall x14 |
| 34:46 | jason916802 · wall_segment Stone Wall x4 |
| 35:07 | Defenestrator · first_building Archery Range |
| 35:09 | MAC01 · first_building Castle |
| 35:20 | Walolo · wall_segment Stone Wall x15 |
| 37:19 | ΔXX▼✞♪przyszłość✞Ⅶ · wall_segment Stone Wall x1 |
| 38:04 | ΔXX▼✞♪przyszłość✞Ⅶ · age_up imperial |
| 38:36 | jason916802 · wall_segment Stone Wall x9 |
| 38:39 | jason916802 · wall_segment Stone Wall x6 |
| 38:46 | Walolo · first_building Siege Workshop |
| 39:04 | KKony · first_building Archery Range |
| 39:07 | Walolo · first_building Barracks |
| 39:10 | Defenestrator · first_market_sell 100 wood |
| 39:41 | Walolo · wall_segment Stone Wall x8 |
| 40:15 | Bubbles879 · tribute_sent a jugador 1 |
| 40:15 | Bubbles879 · tribute_sent a jugador 2 |
| 40:15 | Bubbles879 · tribute_sent a jugador 3 |
| 40:15 | Bubbles879 · tribute_sent a jugador 4 |
| 40:15 | Bubbles879 · tribute_sent a jugador 6 |
| 40:15 | Bubbles879 · tribute_sent a jugador 7 |
| 40:15 | Bubbles879 · tribute_sent a jugador 8 |
| 40:59 | KKony · first_market_sell 100 wood |
| 41:03 | ΔXX▼✞♪przyszłość✞Ⅶ · wall_segment Stone Wall x7 |
| 41:17 | MAC01 · first_building Stable |
| 41:29 | jason916802 · first_building Barracks |
| 41:35 | jason916802 · first_building Siege Workshop |
| 41:49 | Walolo · wall_segment Stone Wall x8 |
| 42:33 | Walolo · wall_segment Stone Wall x1 |
| 43:51 | Walolo · age_up imperial |
| 44:03 | Defenestrator · age_up imperial |
| 47:09 | jason916802 · first_building Castle |
| 51:35 | jason916802 · age_up imperial |
| 52:18 | jason916802 · first_building Archery Range |
| 52:40 | Walolo · first_building Stable |
[ ANÁLISIS IA · 1 CRÉDITO ]
¿Qué pasó realmente en esta partida?
Wolo.gg analiza cada decisión: build order, eco, micro, errores típicos por bracket. Análisis personalizado por WhatsApp o Discord en 30 segundos.
Guía civ
Britanos
Perfil
Jugador #13309348